 Dungeon Crawl Stone Soup version 0.27-a0-1217-g8a41f320e8 (webtiles) character file.

Game seed: 5705935331239366324

2445 polve the Caller (level 9, -2/68 HPs)
             Began as a Demonspawn Abyssal Knight on June 5, 2021.
             Was a Priest of Lugonu.
             Slain by an ogre
             ... wielding a +0 giant spiked club
              (31 damage)
             ... on level 6 of the Dungeon.
             The game lasted 00:11:36 (7593 turns).

polve the Caller (Demonspawn Abyssal Knight)        Turns: 7593, Time: 00:11:37

Health: -2/68      AC:  9    Str: 16    XL:     9   Next: 25%
Magic:  8/10       EV: 12    Int: 14    God:    Lugonu [***...]
Gold:   341        SH:  4    Dex: 12    Spells: 7/8 levels left

rFire    + . .     SeeInvis .   a - +1 short sword
rCold    + + .     Faith    .   (no shield)
rNeg     . . .     Spirit   .   s - +2 ring mail {rF+}
rPois    .         Reflect  .   (no helmet)
rElec    .         Harm     .   q - +0 cloak
rCorr    .         Rampage  .   (no gloves)
Will     .....                  (no boots)
Stlth    ++........             (no amulet)
HPRegen  0.21/turn              l - ring of protection from cold
MPRegen  0.12/turn              (no ring)

@: unable to read
A: hooves 1, spiny 1, demonic magic 2, large bone plates 1, cold resistance 1,
inability to read while threatened, MP-powered wands
a: Renounce Religion, Depart the Abyss, Bend Space, Banish


You were on level 6 of the Dungeon.
You worshipped Lugonu.
Lugonu was most pleased with you.
You visited 1 branch of the dungeon, and saw 6 of its levels.
You visited the Abyss 1 time.
You also visited: Sewer.

You collected 341 gold pieces.

Inventory:

Hand Weapons
 a - a +1 short sword (weapon)
Armour
 b - a +0 leather armour
 i - a +0 plate armour
 q - a +0 cloak (worn)
 s - a +2 ring mail of fire resistance (worn)
 B - a +0 chain mail
Jewellery
 f - a ring of fire
 l - a ring of protection from cold (left hand)
 x - a ring of fire
Wands
 n - a wand of polymorph (14)
 t - a wand of iceblast (12)
 y - a wand of mindburst (8)
Scrolls
 c - a scroll of immolation {unknown}
 d - a scroll of enchant armour {unknown}
 e - a scroll of enchant weapon {unknown}
 h - 2 scrolls of identify
 j - a scroll of fear {unknown}
 m - a scroll of fog {unknown}
 o - a scroll of torment {unknown}
 p - 3 scrolls of teleportation
 u - 2 scrolls of amnesia {unknown}
 z - a scroll of magic mapping {unknown}
Potions
 g - a potion of heal wounds
 k - 3 potions of flight
 r - 2 potions of mutation
 v - a potion of magic {unknown}
 w - a potion of invisibility
 A - a potion of might


   Skills:
 - Level 5.0 Fighting
 - Level 4.0 Short Blades
 - Level 5.4 Armour
 - Level 5.2 Dodging
 + Level 4.3 Stealth
 - Level 6.0 Summonings
 - Level 2.4 Invocations


You had 7 spell levels left.
You knew the following spells:

 Your Spells              Type           Power      Damage    Failure   Level
a - Summon Small Mammal   Summ           64%        N/A       4%          1

Your spell library contained the following spells:

 Spells                   Type           Power      Damage    Failure   Level
 Call Imp                 Summ           16%        N/A       7%          2
 Call Canine Familiar     Summ           16%        N/A       13%         3
 Summon Guardian Golem    Hex/Summ       8%         N/A       41%         3
 Summon Ice Beast         Ice/Summ       8%         N/A       83%         4
 Summon Lightning Spire   Summ/Air       8%         N/A       83%         4


Dungeon Overview and Level Annotations

Branches:
Dungeon (6/15)             Temple (0/1) D:4           Sewer (visited)

Altars:

Shops:
D:2 :

Annotations:
D:5 walled items


Innate Abilities, Weirdness & Mutations

You have large cloven feet.
You are partially covered in sharp spines.
Spells you cast may paralyse nearby enemies.
You are partially covered in large bone plates. (SH +4)
Your flesh is cold resistant. (rC+)
You sometimes lose the ability to read scrolls when taking damage.
You expend magic power (3 MP) to strengthen your wands.


Message History

Pain shoots through your body!
You barely miss the shadow imp. Your kick misses the shadow imp.
The shadow imp is lightly wounded.
An ogre comes into view. It is wielding a +0 giant spiked club.
The shadow imp hits you but does no damage.
You closely miss the shadow imp. Your kick misses the shadow imp.
The shadow imp is lightly wounded.
Your bat hits the shadow imp.
Your rat bites the shadow imp.
The shadow imp gestures at you. Pain shoots through your body!
You hit the shadow imp.
You kick the shadow imp, but do no damage.
The shadow imp is heavily wounded.
Your quokka completely misses the shadow imp.
Your rat bites the shadow imp.
You block the ogre's attack.
Your bat barely misses the shadow imp.
The shadow imp closely misses your rat.
You hit the shadow imp but do no damage.
Your kick misses the shadow imp.
The shadow imp is severely wounded.
Your bat hits the shadow imp.
Your quokka closely misses the shadow imp.
Your rat bites the shadow imp.
The shadow imp dies!
Lugonu accepts your kill. The ogre barely misses you.
The shadow imp is struck by your spines.
The shadow imp hits you but does no damage.
You barely miss the shadow imp.
You kick the shadow imp, but do no damage.
The shadow imp is lightly wounded.
The shadow imp is struck by your spines.
The shadow imp hits you.
You closely miss the shadow imp.
The shadow imp is moderately wounded.
Your bat hits the shadow imp but does no damage.
Your bat barely misses the shadow imp.
Your quokka misses the shadow imp. The ogre is struck by your spines.
The ogre hits you with a +0 giant spiked club!!
You feel threatened and lose the ability to read scrolls!
You die...

........##.........
....##.####.......#
.. ##......#......
..###.......##.....
..........>#......
##...........#..#.
#..8.........# ...
.#.......rb..##..#.
......8.:5@r......
.........O#.##....
#.#......#### >. .
#........
#...........
##............
#.............
...............
...............


You could see an ogre, a shadow imp (ally target), a friendly quokka (summoned),
a friendly bat (summoned) and a friendly rat (summoned).

Vanquished Creatures
  Pikel (D:4)
  A steam dragon (D:6)
  Edmund (D:5)
  Duvessa (D:4)
  2 water moccasins
  A sky beast (D:5)
  An ice beast (D:5)
  3 ogres
  A centaur (D:5)
  Blork the orc (D:5)
  A scorpion (D:5)
  Dowan (D:4)
  2 water moccasin skeletons
  2 hounds (D:5)
  3 bullfrog zombies
  2 jellies
  An orc priest (D:4)
  The ghost of HalberdGnoll the Magician, a weakling FeWn (D:3)
  A centaur skeleton (D:4)
  2 iguanas
  Terence (D:3)
  An orc wizard (D:4)
  A hound skeleton (D:4)
  A howler monkey zombie (D:6)
  7 gnolls
  2 adders
  A shadow imp (D:6)
  An ufetubus (D:4)
  4 worms
  3 dart slugs
  11 orcs
  4 ball pythons
  7 endoplasms
  8 giant cockroaches
  9 goblins
  7 hobgoblins
  10 jackals
  12 kobolds
  7 quokkas
  11 bats
  8 frilled lizards
  6 rats
151 creatures vanquished.

Vanquished Creatures (collateral kills)
  An adder (D:6)
  A shadow imp (D:6)
  An orc (D:5)
3 creatures vanquished.

Grand Total: 154 creatures vanquished

Notes
Turn   | Place    | Note
-------+----------+-------------------------------------------
     0 | Abyss:1  | polve the Demonspawn Abyssal Knight began the quest for the
                  | Orb.
     0 | Abyss:1  | Reached XP level 1. HP: 18/18 MP: 2/2
    19 | Abyss:1  | Found a corrupted altar of Lugonu.
   106 | Abyss:1  | Noticed a neqoxec
   108 | Abyss:1  | Noticed a smoke demon
   127 | Abyss:1  | Noticed a demonic crawler
   128 | Abyss:1  | Noticed an ophan
   130 | D:1      | Escaped the Abyss
   640 | D:1      | Gained mutation: Spells you cast may paralyse adjacent
                  | enemies. [demonic ancestry]
   640 | D:1      | Reached XP level 2. HP: 19/24 MP: 3/3
  1476 | D:1      | Reached * piety under Lugonu
  1477 | D:1      | Gained mutation: You are partially covered in sharp spines.
                  | [demonic ancestry]
  1477 | D:1      | Reached XP level 3. HP: 25/29 MP: 4/4
  1824 | D:2      | Found Iquimex's Book Shoppe.
  2169 | D:2      | Found a faded altar of an unknown god.
  2452 | D:2      | Reached XP level 4. HP: 35/35 MP: 5/5
  2786 | D:3      | Noticed HalberdGnoll's ghost (weakling FeWn)
  2789 | D:3      | Found a runed translucent door.
  2931 | D:3      | Reached ** piety under Lugonu
  3218 | D:3      | Noticed Terence
  3889 | D:3      | Killed Terence
  3890 | D:3      | Reached XP level 5. HP: 16/42 MP: 6/6
  4158 | D:3      | Killed HalberdGnoll's ghost
  4358 | D:4      | Noticed Duvessa
  4360 | D:4      | Noticed Dowan
  4548 | D:4      | Killed Duvessa
  4549 | D:4      | Reached skill level 5 in Fighting
  4549 | D:4      | Reached skill level 1 in Dodging
  4549 | D:4      | Gained mutation: Spells you cast may paralyse nearby
                  | enemies. [demonic ancestry]
  4549 | D:4      | Reached XP level 6. HP: 13/51 MP: 7/7
  4555 | D:4      | Killed Dowan
  4666 | D:4      | Noticed Pikel
  4694 | D:4      | Killed Pikel
  4695 | D:4      | Gained mutation: You have large cloven feet. [demonic
                  | ancestry]
  4695 | D:4      | Reached XP level 7. HP: 56/56 MP: 8/8
  4722 | D:4      | Found a glowing drain.
  4734 | Sewer    | Entered a sewer
  4933 | D:4      | Found a staircase to the Ecumenical Temple.
  4957 | D:4      | Gained mutation: You are partially covered in large bone
                  | plates. (SH +4) [potion of mutation]
  4957 | D:4      | Gained mutation: You sometimes lose the ability to read
                  | scrolls when taking damage. [potion of mutation]
  4957 | D:4      | Gained mutation: Your flesh is cold resistant. (rC+)
                  | [potion of mutation]
  4957 | D:4      | Gained mutation: You expend magic power (3 MP) to
                  | strengthen your wands. [potion of mutation]
  5128 | D:4      | Reached skill level 5 in Armour
  5128 | D:4      | Reached XP level 8. HP: 39/62 MP: 9/9
  5580 | D:4      | Reached *** piety under Lugonu
  5599 | D:4      | Reached skill level 5 in Dodging
  5921 | D:4      | Learned a level 1 spell: Summon Small Mammal
  5934 | D:5      | Entered Level 5 of the Dungeon
  5955 | D:5      | Reached skill level 1 in Summonings
  5975 | D:5      | Reached skill level 2 in Summonings
  5984 | D:5      | Reached skill level 3 in Summonings
  6334 | D:5      | Reached skill level 4 in Summonings
  6407 | D:5      | Reached skill level 5 in Summonings
  6750 | D:5      | Reached skill level 6 in Summonings
  6842 | D:5      | Noticed Blork the orc
  6848 | D:5      | Killed Blork the orc
  6849 | D:5      | Reached skill level 1 in Stealth
  6849 | D:5      | Reached XP level 9. HP: 68/68 MP: 7/10
  6947 | D:5      | walled items
  6952 | D:5      | Noticed Edmund
  6969 | D:5      | Killed Edmund
  7480 | D:6      | Found a faded altar of an unknown god.
  7593 | D:6      | Slain by an ogre

Illustrated notes

############## #.##.##
#...#. ###### #.##..#
#...#. #....#######'###.##
#..... #.................#
#..###
#...............#.##
#.....
####............#..#
##.###
#######..........#######.#
#.# # .................#
#.## #.###
..........#####.@#
####..###....
.......)..#([?#..#
#............
..........#($$#..#
#............
.....###..#!(=#..#
#.....)...... .....#
#..#####..# #............
.....# #.........#
######....... .....#
#.........# #######.......
.....# #..<..#####
#............. ######
#.....# #.............


Turn 6947 on D:5: walled items

Levels and vault maps discovered:
D:1:      dpeg_arrival_rhombi, layout_loops_cross
D:2:      minmay_spotlight, layout_loops_ring, serial_shops, shop,
          shapermc_ecumenical_altar_mp_ritualfount
D:3:      layout_rooms, hellmonk_ghost_happy_afterlife,
          minmay_fractal_squares_diagonal_5, uniq_terence
D:4:      layout_basic, minmay_temple_entry_purple_smoke, portal_sewer_entry_f,
          minmay_bisected, uniq_pikel, uniq_duvessa
D:5:      layout_basic, due_unseen_surprise, uniq_blork_the_orc, uniq_edmund
D:6:      layout_cave_pools, serial_column_ruins, column_ruins_temple_circle,
          column_ruins_hut, column_ruins_grid_2, column_ruins_corridor_corner,
          column_ruins_open_small, column_ruins_columns_straight,
          column_ruins_grid_3

Skill      XL: |  1  2  3  4  5  6  7  8  9 |
---------------+----------------------------+-----
Short Blades   | 2 3 4 |  4.0
Fighting       | 4 5 |  5.0
Armour         | 2 4 5 |  5.4
Dodging        | 1 4 5 |  5.2
Summonings     | 6 |  6.0
Stealth        | 1 4 |  4.3
Invocations    | |  2.4

Action                   |  1- 3 |  4- 6 |  7- 9 || total
-------------------------+-------+-------+-------++-------
Melee: Short sword       |   161 |   167 |   237 ||   565
       Unarmed           |       |    10 |     7 ||    17
       Kick              |       |       |    77 ||    77
 Cast: Summon Small Mamm |       |       |    23 ||    23
Invok: Depart the Abyss  |     1 |       |       ||     1
       Bend Space        |       |     3 |       ||     3
  Use: Scroll            |       |     4 |     1 ||     5
       Potion            |       |     6 |     3 ||     9
 Stab: Sleeping          |     1 |       |     1 ||     2
       Paralysed         |       |       |    21 ||    21
       Distracted        |       |       |     1 ||     1
Armor: Leather armour    |    30 |       |       ||    30
       Ring mail         |    20 |    43 |    53 ||   116
       Skin              |       |     4 |     5 ||     9
Dodge: Dodged            |    94 |    63 |    97 ||   254
Block: Other             |       |       |    40 ||    40

Table legend: (Time is in decaauts)
 A = Elapsed time spent in this place.
 B = Non-inter-level travel time spent in this place.
 C = Inter-level travel time spent in this place.
 D = Time resting spent in this place.
 E = Time spent auto-exploring this place.
 F = Levels seen in this place.
 G = Mean time per level.
                   A        B        C        D        E       F      G
               +--------+--------+--------+--------+--------+-----+--------+
         Total |   7562 |   7279 |    283 |     13 |   5968 |   8 |  945.2 |
       Dungeon |   7229 |   6946 |    283 |     13 |   5714 |   6 | 1204.8 |
         Abyss |    130 |    130 |      0 |      0 |    105 |   1 |  130.0 |
         Sewer |    202 |    202 |      0 |      0 |    149 |   1 |  202.0 |
               +--------+--------+--------+--------+--------+-----+--------+

Top non-repeatable levels by time:
     D:1: 1690 daAuts
     D:2: 1557 daAuts
     D:4: 1447 daAuts
     D:3: 1209 daAuts
     D:5: 1055 daAuts
     D:6: 269 daAuts
   Sewer: 202 daAuts
 Abyss:1: 130 daAuts
